 Dungeon Crawl Stone Soup version 0.28.0 (webtiles) character file.

Game seed: 11678797500037610690

82 cbfl8 the Sneak (level 4, 0/40 HPs)
             Began as a Minotaur Delver on Feb 7, 2022.
             Slain by an iguana (8 damage)
             ... on level 5 of the Dungeon.
             The game lasted 00:00:34 (403 turns).

cbfl8 the Sneak (Minotaur Delver)                    Turns: 403, Time: 00:00:35

Health: 0/40       AC:  6    Str: 19    XL:     4   Next: 21%
Magic:  3/3        EV:  5    Int:  7    God:
Gold:   20         SH:  9    Dex: 11    Spells: 3/3 levels left

rFire   . . .      SeeInvis .   a - +0 hand axe
rCold   . . .      Faith    .   h - +0 tower shield
rNeg    . . .      Spirit   .   j - +0 scale mail
rPois   .          Reflect  .   (helmet restricted)
rElec   .          Harm     .   (no cloak)
rCorr   .          Rampage  .   (no gloves)
Will    .....                   (no boots)
Stlth   +.........              (no amulet)
HPRegen 0.13/turn               (no ring)
MPRegen 0.08/turn               (no ring)

@: no status effects
A: horns 2, retaliatory headbutt
a: no special abilities


You were on level 5 of the Dungeon.
You visited 1 branch of the dungeon, and saw 1 of its levels.

You collected 20 gold pieces.

Inventory:

Hand Weapons
 a - a +0 hand axe (weapon)
Armour
 b - a +0 leather armour
 h - a +0 tower shield (worn)
 j - a +0 scale mail (worn)
Wands
 g - a wand of digging (3)
Scrolls
 c - a scroll of fog
 d - a scroll of magic mapping
 e - a scroll of fear
Potions
 f - a potion of haste
 i - a potion of flight {unknown}


   Skills:
 + Level 4.1 Fighting
 + Level 2.6 Axes
 + Level 2.4 Dodging
 + Level 5.2 Stealth


You had 3 spell levels left.
You didn't know any spells.
Your spell library was empty.

Dungeon Overview and Level Annotations

Branches:
Dungeon (5/15)
 Temple: D:4-7

Altars:


Innate Abilities, Weirdness & Mutations

You have a pair of horns on your head.
You reflexively headbutt those who attack you in melee.


Message History

You start putting on your armour.
You continue putting on your +0 tower shield. x4
You finish putting on your +0 tower shield.
Found 7 gold pieces.
Found a viscous coppery potion.
i - a viscous coppery potion
Found a scale mail.
You now have 20 gold pieces (gained 7).
You see here a +0 scale mail.
j - a +0 scale mail You start removing your armour.
You continue taking off your +0 leather armour. x4
You finish taking off your +0 leather armour.
You start putting on your armour.
You continue putting on your +0 scale mail. x5
You finish putting on your +0 scale mail.
An iguana comes into view.
The iguana hisses angrily.
The iguana bites you!
You barely miss the iguana. The iguana completely misses you.
You furiously retaliate!
You headbutt the iguana, but do no damage.
You hit the iguana but do no damage. You block the iguana's attack.
The iguana bites you.
You hit the iguana but do no damage. You block the iguana's attack.
You hit the iguana but do no damage. You headbutt the iguana.
The iguana is lightly wounded.
The iguana barely misses you. You block the iguana's attack.
You hit the iguana.
The iguana is moderately wounded.
The iguana completely misses you. The iguana bites you!
You hit the iguana but do no damage.
The iguana is moderately wounded.
The iguana bites you!
* * * LOW HITPOINT WARNING * * *
You closely miss the iguana.
You headbutt the iguana, but do no damage.
The iguana is moderately wounded.
The iguana bites you!
You die...

.#.......#.#.#.#..#
.#..#..........#..#
....#.>....#.######
##....#.#.....<#..
........#..#.#.#.#
.####......#.#.#.#
.# #......#.#.#.#
.# ##.....#...#l#
.# #.........#@#
.#####...........#
........########.#
######..# #.# ####
###


You could see an iguana.

Vanquished Creatures
  An ogre (D:5)
1 creature vanquished.

Notes
Turn   | Place    | Note
-------+----------+-------------------------------------------
     0 | D:5      | cbfl8 the Minotaur Delver began the quest for the Orb.
     0 | D:5      | Reached XP level 1. HP: 19/19 MP: 0/0
    19 | D:5      | Noticed an ogre
    27 | D:5      | Killed an ogre
    28 | D:5      | Reached skill level 5 in Stealth
    28 | D:5      | Reached XP level 2. HP: 5/27 MP: 1/1
    28 | D:5      | Reached XP level 3. HP: 6/33 MP: 2/2
    28 | D:5      | Reached XP level 4. HP: 7/40 MP: 3/3
   403 | D:5      | Slain by an iguana

Illustrated notes

Levels and vault maps discovered:
D:5:      layout_basic, minmay_temple_entry_statues_pillars,
          uniq_crazy_yiuf_cottage

Skill      XL: |  1 |
---------------+----+-----
Fighting       | 4 |  4.1
Stealth        | 5 |  5.2
Axes           | |  2.6
Dodging        | |  2.4

Action                   |  1- 3 |  4- 6 || total
-------------------------+-------+-------++-------
Melee: Hand axe          |     7 |     7 ||    14
       Headbutt          |     1 |     2 ||     3
 Stab: Sleeping          |     1 |       ||     1
Dodge: Dodged            |     4 |     3 ||     7
Block: Tower shield      |       |     3 ||     3
